 Dungeon Crawl Stone Soup version 0.18-a0-1105-ge9caa06 (webtiles) character file.

455 Glauk the Skirmisher (level 6, 0/56 HPs)
             Began as a Mummy Fighter on Jan 16, 2016.
             Slain by an orc wizard
             ... wielding a +0 dagger
              (1 damage)
             ... on level 5 of the Dungeon.
             The game lasted 00:23:08 (3615 turns).

Glauk the Skirmisher (Mummy Fighter)                Turns: 3615, Time: 00:23:08

Health: 0/56       AC:  8    Str: 21    XL:     6   Next: 76%
Magic:  15/15      EV:  5    Int:  7    God:
Gold:   106        SH:  9    Dex: 12    Spells: 0 memorised, 5 levels left

rFire  x . .     SeeInvis .     q - +1 flail (crush)
rCold  + . .     Gourm    .     l - +0 chain mail
rNeg   + + +     Faith    .     c - +0 shield
rPois  ∞         Spirit   .     (no helmet)
rElec  .         Dismiss  .     (no cloak)
rCorr  .         Reflect  .     (no gloves)
SustAt +         Harm     .     (no boots)
MR     .....                    (no amulet)
Stlth  ..........               h - ring of magical power
                                b - ring of sustain attributes

@: not resistant to hostile enchantments, extremely unstealthy
A: no food or potions, fire vulnerability, cold resistance 1, negative energy
resistance 3, torment resistance, unbreathing
a: no special abilities


You were on level 5 of the Dungeon.
You were not hungry.

You visited 1 branch of the dungeon, and saw 6 of its levels.

You collected 106 gold pieces.

Inventory:

Hand Weapons
 o - a +0 hunting sling
 p - a +0 spear
 q - a +1 flail of crushing (weapon)
Missiles
 e - 51 sling bullets
 i - a throwing net (quivered)
Armour
 c - a +0 shield (worn)
 l - a +0 chain mail (worn)
Jewellery
 b - a ring of sustain attributes (left hand)
 h - a ring of magical power (right hand)
Scrolls
 d - a scroll of noise {unknown}
 f - a scroll of enchant weapon {unknown}
 g - a scroll of enchant armour {unknown}
 j - a scroll of fog {unknown}
 k - 5 scrolls of identify {unknown}
 m - 2 scrolls of teleportation {unknown}
 n - a scroll of blinking {unknown}


   Skills:
 * Level 7.7 Fighting
 - Level 1.5 Maces & Flails
 - Level 2.4 Armour
 - Level 2.4 Shields


You had 5 spell levels left.
You didn't know any spells.

Dungeon Overview and Level Annotations

Branches:
Dungeon (6/15)
 Temple: D:4-7

Altars:

Annotations:
D:3 FIQ's ghost, weakling HOFi
D:4 Eustachio; Pikel


Innate Abilities, Weirdness & Mutations

You do not eat or drink.
Your flesh is vulnerable to fire.
You are immune to poison.
Your flesh is cold resistant.
You are immune to negative energy.
You are immune to unholy pain and torment.
You can survive without breathing.


Message History

The orc wizard flickers and vanishes!
Deactivating autopickup; reactivate with Ctrl-A.
You block the orc's attack.
The orc priest hits you but does no damage.
You barely miss the orc priest.
The orc priest is severely wounded.
You block its attack. You block the orc's attack.
The orc priest barely misses you. Something hits you.
* * * LOW HITPOINT WARNING * * *
Your shield and chain mail prevent you from hitting the orc priest.
The orc priest is severely wounded.
The orc barely misses you. Something hits you but does no damage.
The orc priest hits you with a flail.
* * * LOW HITPOINT WARNING * * *
The orc hits you but does no damage.
You sock the orc priest!
You kill the orc priest!
Something hits you but does no damage. The orc hits you but does no damage.
Something hits you.
You die...

..# #.# #.# #.# ..# #.#
### #(# #####.####
#........# #.###..#.#
.###########.###.## .#
........@o)......##.#.#
...%...>.{..........##.#
##.###.#####..!..#..#.##
# #. #....##..<#.#...#
#.##. ##.###.#...#....##
...##.## ##........%#
#.#.## ##........# #...#
#.......## #.##.#.##
##.###.#.#


You could see an orc.

Vanquished Creatures
  2 ice beasts (D:5)
  A centaur zombie (D:5)
  2 hounds (D:5)
  An orc priest (D:5)
  2 iguanas
  3 adders
  An adder skeleton (D:5)
  3 giant geckos
  3 orcs
  4 bats
  4 giant cockroaches
  6 goblins
  9 hobgoblins
  4 jackals
  11 kobolds
  3 ball pythons
  A giant gecko skeleton (D:5)
  4 giant newts
  11 rats
75 creatures vanquished.

Notes
Turn   | Place    | Note
--------------------------------------------------------------
     0 | D:1      | Glauk the Mummy Fighter began the quest for the Orb.
     0 | D:1      | Reached XP level 1. HP: 18/18 MP: 1/1
   281 | D:1      | Reached XP level 2. HP: 24/24 MP: 2/2
   784 | D:1      | Reached skill level 4 in Fighting
  1207 | D:1      | Reached XP level 3. HP: 25/30 MP: 3/3
  2156 | D:2      | Reached XP level 4. HP: 38/38 MP: 4/4
  2193 | D:2      | Reached skill level 5 in Fighting
  2614 | D:3      | Noticed FIQ's ghost (weakling HOFi)
  2944 | D:4      | Noticed Eustachio
  2946 | D:4      | Noticed a slave
  2950 | D:4      | Noticed Pikel
  2952 | D:4      | Noticed a slave
  2952 | D:4      | Noticed a slave
  2952 | D:5      | Entered Level 5 of the Dungeon
  2955 | D:5      | Noticed an ice beast
  2971 | D:5      | Killed an ice beast
  2971 | D:5      | Reached skill level 6 in Fighting
  2971 | D:5      | Reached XP level 5. HP: 25/46 MP: 5/5
  3153 | D:5      | Noticed an ice beast
  3163 | D:5      | Killed an ice beast
  3163 | D:5      | Reached skill level 7 in Fighting
  3163 | D:5      | Reached XP level 6. HP: 53/55 MP: 6/6
  3614 | D:5      | HP: 1/55 [orc priest/flail (3)]
  3615 | D:5      | Slain by an orc wizard

Vault maps used:
D:1:      dpeg_arrival_ratfight
D:3:      mrwooster_statue_mirror
D:4:      yredelemnul_forgotten_temple_becter, uniq_eustachio, uniq_sigmund,
          uniq_pikel
D:5:      minmay_temple_entry_hall, serial_shops, shop, first_bread,
          kennysheep_generic_room_13
D:6:      elyvilon_altar_4, minmay_misc_feat_doors, uniq_crazy_yiuf_cottage,
          uniq_duvessa

Action                   |  1- 3 |  4- 6 || total
-------------------------+-------+-------++-------
Melee: Flail             |   165 |   150 ||   315
